 Dungeon Crawl Stone Soup version 0.32-a0-799-g95e1662365 (webtiles) character file.

Game seed: 10230501107525407952

10973 porpoise the Spear-Bearer (level 11, -1/85 HPs)
             Began as a Demonspawn Gladiator on Mar 22, 2024.
             Was a Priest of Yredelemnul.
             Killed from afar by a gargoyle (24 damage)
             ... with a stone arrow
             ... in a volcano.
             The game lasted 00:31:36 (10218 turns).

porpoise the Spear-Bearer (Demonspawn Gladiator)   Turns: 10218, Time: 00:31:36

Health: -1/85      AC: 15    Str: 18    XL:     11   Next: 43%
Magic:  16/16      EV: 12    Int:  8    God:    Yredelemnul [***...]
Gold:   566        SH:  0    Dex: 16    Spells: 10/10 levels left

rFire   + . .        a - +4 trident
rCold   . . .        (no shield)
rNeg    . . .        t - +0 ring mail
rPois   +            c - +1 helmet
rElec   .            A - +2 cloak {Will+}
rCorr   .            (no gloves)
SInv    .            l - +0 pair of boots
Will    +....        (no amulet)
Stlth   +            F - ring of poison resistance
HPRegen 0.34/turn    L - ring of protection from fire
MPRegen 0.15/turn

%: no passive effects
@: wreathed by umbra, studying Translocations
A: icy blue scales 2, demonic guardian 1, spiny 2
a: Renounce Religion, Light the Black Torch, Recall Undead Harvest, Hurl
Torchlight


You were in a volcano.
You worshipped Yredelemnul.
Yredelemnul was noncommittal.
You visited 3 branches of the dungeon, and saw 12 of its levels.
You also visited: Volcano.

You collected 648 gold pieces.
You spent 82 gold pieces at shops.

Inventory:

Hand Weapons
 a - a +4 trident (weapon)
 b - a +0 sling
 h - a +0 broad axe
Missiles
 d - 4 throwing nets
 e - a javelin
 o - 36 poisoned darts
 q - 11 boomerangs (quivered)
 R - a curare-tipped dart
Armour
 c - a +1 helmet (worn)
 l - a +0 pair of boots (worn)
 t - a +0 ring mail (worn)
 A - a +2 cloak of willpower (worn)
 M - the +0 cloak of the Thief {Quiet Slay-3 SInv Stlth+}
   (You found it on level 7 of the Dungeon)

   Quiet:     All noise in your surroundings is dampened.
   Slay-3:    It affects your accuracy & damage with ranged weapons and melee
   (-3).
   SInv:      It lets you see invisible.
   Stlth+:    It makes you more stealthy.
 S - the +3 buckler of Qasm {-Tele Rampage rPois Int-3}
   (You found it on level 10 of the Dungeon)

   Int-3:     It affects your intelligence (-3).
   rPois:     It protects you from poison.
   -Tele:     It prevents most forms of teleportation.
   Rampage:   It bestows one free step when moving towards enemies.
Jewellery
 F - a ring of poison resistance (left hand)
 L - a ring of protection from fire (right hand)
 O - a ring of ice
Wands
 u - a wand of flame (36)
 v - a wand of charming (8)
 I - a wand of polymorph (10)
 T - a wand of digging (4)
Scrolls
 f - 5 scrolls of identify
 g - 4 scrolls of revelation
 k - 6 scrolls of teleportation
 s - 4 scrolls of fog
 w - a scroll of poison {unknown}
 x - a scroll of enchant weapon {unknown}
 y - a scroll of noise
 z - a scroll of summoning
 C - a scroll of fear {unknown}
 D - 2 scrolls of blinking
 G - a scroll of amnesia {unknown}
 H - a scroll of immolation {unknown}
 J - a scroll of enchant armour
 K - a scroll of silence {unknown}
Potions
 i - 3 potions of heal wounds
 j - a potion of ambrosia
 m - 2 potions of mutation
 n - 3 potions of enlightenment
 p - 7 potions of haste
 r - 3 potions of magic
 B - 2 potions of attraction
 E - a potion of lignification
 N - 2 potions of brilliance
 P - a potion of curing
 Q - a potion of berserk rage


   Skills:
 + Level 7.7 Fighting
 * Level 12.4 Polearms
 - Level 1.7 Throwing
 - Level 5.0 Armour
 - Level 5.0 Dodging
 + Level 7.1 Invocations
 + Level 4.3 Evocations


You had 10 spell levels left.
You didn't know any spells.
Your spell library contained the following spells:

 Spells                   Type           Power      Damage    Failure   Level
 Kiss of Death            Conj/Necr      0%         2d5       58%         1
 Sandblast                Erth           0%         2d4       58%         1
 Summon Small Mammal      Summ           0%         N/A       58%         1
 Confusing Touch          Hex            0%         N/A       91%         3
 Fugue of the Fallen      Necr           0%         N/A       91%         3
 Ozocubu's Armour         Ice            0%         N/A       91%         3
 Passwall                 Erth           0%         N/A       91%         3
 Stone Arrow              Conj/Erth      0%         3d7       91%         3
 Volatile Blastmotes      Fire/Tloc      0%         2d10      91%         3
 Brom's Barrelling Bould  Conj/Erth      0%         2d3       100%        4
 Dispel Undead            Necr           0%         3d6       100%        4
 Fulminant Prism          Conj/Alch      0%         3d5       100%        4
 Iskenderun's Mystic Bla  Conj/Tloc      0%         2d3       100%        4
 Leda's Liquefaction      Alch/Erth      0%         N/A       100%        4
 Manifold Assault         Tloc           0%         N/A       100%        4
 Vhi's Electric Charge    Tloc/Air       0%         N/A       100%        4
 Arcjolt                  Conj/Air       0%         1d10      100%        5
 Lee's Rapid Deconstruct  Erth           0%         3d4*      100%        5
 Summon Forest            Summ/Tloc      0%         N/A       100%        5
 Bombard                  Conj/Erth      0%         9d1       100%        6
 Conjure Ball Lightning   Conj/Air       0%         3x3d6     100%        6
 Permafrost Eruption      Ice/Erth       0%         2x4d2     100%        6
 Maxwell's Capacitive Co  Air            0%         ∞         100%        8


Dungeon Overview and Level Annotations

Branches:
Dungeon (10/15)            Temple (1/1) D:6            Lair (1/5) D:10
Volcano (1/1)
    Orc: D:9-12

Altars:
Ashenzari
Cheibriados
Dithmenos
Fedhas
Gozag
Hepliaklqana
Kikubaaqudgha
Makhleb
Nemelex Xobeh
Okawaru
Qazlal
Ru
Sif Muna
Trog
Uskayaw
Vehumet
Wu Jian
Xom
Yredelemnul

Shops:
D:5 *   D:9 =

Annotations:
D:4 1 runed translucent door, avangion's ghost, amateur DECj
D:5 2 transporters, Esekla's ghost, weakling OpDe
D:7 1 runed translucent door


Innate Abilities, Weirdness & Mutations

You are mostly covered in icy blue scales. (AC +3)
A weak demonic guardian rushes to your aid.
You are mostly covered in sharp spines.


Message History

You reach to attack!
You hit the gargoyle but do no damage.
The gargoyle is lightly damaged.
Your wraith barely misses the gargoyle.
The gargoyle barely misses your wraith.
Your wraith hits the gargoyle but does no damage.
Your vampire hits the gargoyle but does no damage.
Your vampire bites the gargoyle but does no damage.
Reach: a) +4 trident
Press: ? - help, Dir - move target, f/p - gargoyle
Aim: a gargoyle, wielding a +0 mace (lightly damaged, ally target, umbra, about 18% to evade your +4 trident)
You could not reach far enough!
Your wraith hits the gargoyle. x2
Your wraith drains the gargoyle's vigour!
The gargoyle seems to slow down.
Your vampire barely misses the gargoyle.
Your vampire bites the gargoyle but does no damage.
The gargoyle hits your wraith with a +0 mace!!
Your wraith is destroyed!
Your wraith returns to the grave!
Reach: a) +4 trident
Press: ? - help, Dir - move target, f/p - gargoyle
Aim: a gargoyle, wielding a +0 mace (moderately damaged, slow, ally target, umbra, about 18% to evade your +4 trident)
You reach to attack!
You hit the gargoyle but do no damage.
The gargoyle is moderately damaged.
Unknown command.
Reach: a) +4 trident
Press: ? - help, Dir - move target, f/p - gargoyle
Aim: a gargoyle, wielding a +0 mace (moderately damaged, slow, ally target, umbra, about 18% to evade your +4 trident)
You reach to attack!
You hit the gargoyle but do no damage.
The gargoyle is moderately damaged.
Your wraith hits the gargoyle but does no damage.
Your vampire hits the gargoyle but does no damage.
Your vampire bites the gargoyle but does no damage.
Reach: a) +4 trident
Press: ? - help, Dir - move target, f/p - gargoyle
Aim: a gargoyle, wielding a +0 mace (moderately damaged, slow, ally target, umbra, about 18% to evade your +4 trident)
You reach to attack!
You hit the gargoyle but do no damage.
The gargoyle is moderately damaged.
The gargoyle hurls a stone arrow at you.
The stone arrow hits you!!
You die...
Your body rises from the dead as a mindless zombie.

#.......# #ß..∩..ß#
#.......# #.......#
#ß.....ß# ##++#''##
##############.....######
~~....WV).....ß...ß......
~~....9.@.......)........
##..##########.....######
#.....# #ß...ß# #######


You could see a gargoyle (slow, ally target), a friendly vampire (summoned,
invisible) and a friendly wraith (summoned).

Vanquished Creatures
  Pikel (D:5)
  2 komodo dragons (D:10)
  A troll (D:10)
  Grinder (D:4)
  A vampire (D:9)
  Sigmund (D:5)
  3 wyverns
  A wraith (D:5)
  A shadow (D:10)
  10 yaks
  A basilisk (D:10)
  4 steam dragons
  Grum (D:8)
  4 water moccasins
  Duvessa (D:5)
  4 black bears
  2 ogres (D:5)
  2 centaurs
  A sky beast (D:5)
  A wolf (D:8)
  A lemure (D:5)
  A phantom (D:5)
  3 kobold brigands
  2 bullfrogs
  3 gnoll sergeants
  A scorpion (D:4)
  5 wights (D:8)
  Dowan (D:5)
  4 killer bees (D:9)
  3 howler monkeys
  2 bombardier beetles
  4 jellies
  5 orc priests
  Crazy Yiuf (D:5)
  16 hounds
  3 gnoll boudas
  5 iguanas
  3 sleepcaps
  5 orc wizards
  A mummy (D:4)
  Robin (D:2)
  28 gnolls
  3 adders
  4 ufetubi
  2 dart slugs
  A ribbon worm (D:2)
  25 orcs
  4 bats
  3 endoplasms
  6 giant cockroaches
  14 goblins
  7 hobgoblins
  3 jackals
  3 quokkas
  9 ball pythons
  6 frilled lizards
  2 hobgoblin zombies (D:4)
  23 kobolds
  A kobold zombie (D:4)
  An orc zombie (D:4)
  12 rats
270 creatures vanquished.

Vanquished Creatures (collateral kills)
  2 gargoyles (Volcano)
  2 yaks (D:10)
  2 basilisks (D:10)
  A wyvern (D:8)
  A water moccasin (D:8)
  2 centaurs (D:9)
  A kobold brigand (D:9)
  A gnoll sergeant (D:8)
  A wight (D:8)
  2 killer bees (D:9)
  2 hounds (D:8)
  2 orc priests
  A gnoll bouda (D:8)
  7 gnolls
  An orc (D:8)
  A jackal (D:8)
  5 kobolds (D:9)
34 creatures vanquished.

Vanquished Creatures (others)
  A wyvern zombie (D:8)
  A water moccasin zombie (D:8)
  3 yak zombies (D:10)
  A centaur zombie (D:9)
  A killer bee zombie (D:9)
  4 hound zombies (D:8)
  A steam dragon zombie (D:8)
  A jelly zombie (D:7)
  6 gnoll zombies (D:8)
  A kobold (D:7)
  7 kobold zombies
  3 orc zombies
  A spectral ufetubus (D:7)
31 creatures vanquished.

Grand Total: 335 creatures vanquished

Notes
Turn   | Place    | Note
-------+----------+-------------------------------------------
     0 | D:1      | porpoise the Demonspawn Gladiator began the quest for the
                  | Orb.
     0 | D:1      | Reached XP level 1. HP: 16/16 MP: 1/1
   192 | D:1      | Reached skill level 3 in Polearms
   219 | D:1      | Gained mutation: You are partially covered in sharp spines.
                  | [demonic ancestry]
   219 | D:1      | Reached XP level 2. HP: 20/22 MP: 2/2
   445 | D:1      | Gained mutation: You are partially covered in icy blue
                  | scales. (AC +2) [demonic ancestry]
   445 | D:1      | Reached XP level 3. HP: 26/28 MP: 3/3
   726 | D:2      | Reached XP level 4. HP: 34/34 MP: 4/4
   729 | D:2      | Reached skill level 4 in Polearms
   998 | D:2      | Noticed Robin
  1013 | D:2      | Killed Robin
  1228 | D:2      | Found a stormy altar of Qazlal.
  1492 | D:3      | Reached XP level 5. HP: 8/41 MP: 5/5
  2222 | D:4      | Reached skill level 5 in Polearms
  2523 | D:4      | Noticed Grinder
  2531 | D:4      | Paralysed by Grinder for 4 turns
  2550 | D:4      | Paralysed by Grinder for 4 turns
  2556 | D:4      | Killed Grinder
  2557 | D:4      | Reached skill level 6 in Polearms
  2557 | D:4      | Reached XP level 6. HP: 33/49 MP: 6/6
  2650 | D:4      | Gained mutation: You are mostly covered in icy blue scales.
                  | (AC +3) [demonic ancestry]
  2650 | D:4      | Reached XP level 7. HP: 46/55 MP: 7/7
  2947 | D:4      | Found a runed translucent door.
  2948 | D:4      | Noticed avangion's ghost (amateur DECj)
  3285 | D:5      | Entered Level 5 of the Dungeon
  3306 | D:5      | Noticed Sigmund
  3499 | D:5      | Found a runed translucent door.
  3500 | D:5      | Noticed Crazy Yiuf
  3506 | D:5      | Killed Crazy Yiuf
  3566 | D:5      | Reached skill level 5 in Fighting
  3645 | D:5      | Reached skill level 7 in Polearms
  3722 | D:5      | Found a transporter.
  3722 | D:5      | Noticed Esekla's ghost (weakling OpDe)
  3732 | D:5      | Found a transporter.
  3788 | D:5      | Noticed Pikel
  3804 | D:5      | Killed Pikel
  3805 | D:5      | Reached skill level 8 in Polearms
  3805 | D:5      | Gained mutation: A weak demonic guardian rushes to your
                  | aid. [demonic ancestry]
  3805 | D:5      | Reached XP level 8. HP: 31/64 MP: 8/8
  3896 | D:5      | Killed Sigmund
  4103 | D:5      | Reached skill level 9 in Polearms
  4217 | D:5      | Reached XP level 9. HP: 68/72 MP: 9/9
  4229 | D:5      | Reached skill level 1 in Armour
  4293 | D:5      | Found Bculun's Bounteous Boutique.
  4336 | D:5      | Bought a scroll of blinking for 82 gold pieces
  4724 | D:5      | Noticed Duvessa
  4724 | D:5      | Noticed Dowan
  4738 | D:5      | Killed Duvessa
  4744 | D:5      | Killed Dowan
  5091 | D:6      | Reached skill level 10 in Polearms
  5520 | D:6      | Found a staircase to the Ecumenical Temple.
  5529 | Temple   | Entered the Ecumenical Temple
  5568 | Temple   | Became a worshipper of Yredelemnul the Fallen
  6116 | D:7      | Reached skill level 1 in Invocations
  6558 | D:7      | Noticed a sixfirhy
  6560 | D:7      | Found a runed translucent door.
  6573 | D:7      | Found the +0 cloak of the Thief {Quiet Slay-3 SInv Stlth+}
  6822 | D:8      | Gained mutation: You are mostly covered in sharp spines.
                  | [demonic ancestry]
  6822 | D:8      | Reached XP level 10. HP: 52/79 MP: 10/12
  6887 | D:8      | Reached * piety under Yredelemnul
  7141 | D:8      | Reached skill level 5 in Dodging
  7155 | D:8      | Reached skill level 11 in Polearms
  7178 | D:8      | Noticed Grum
  7195 | D:8      | Killed Grum
  7432 | D:8      | Reached skill level 1 in Evocations
  7727 | D:8      | Your ally Grum died
  7888 | D:8      | Identified the +1 robe of Efeom {Will+ Int+6}
  7903 | D:8      | Reached ** piety under Yredelemnul
  8206 | D:9      | Reached skill level 5 in Invocations
  8999 | D:9      | Found Bustumipn's One-of-a-Kind Rings.
  9129 | D:10     | Entered Level 10 of the Dungeon
  9161 | D:10     | Got the Precepts of Generated Thunder
  9162 | D:10     | Identified the +3 buckler of Qasm {-Tele Rampage rPois
                  | Int-3}
  9279 | D:10     | Reached skill level 5 in Armour
  9289 | D:10     | Reached *** piety under Yredelemnul
  9295 | D:10     | Reached XP level 11. HP: 84/84 MP: 15/15
  9352 | D:10     | Reached skill level 12 in Polearms
  9386 | D:10     | Found an opulent altar of Gozag.
  9696 | D:10     | Found a staircase to the Lair.
 10073 | D:10     | Found a shimmering blue altar of Sif Muna.
 10144 | Lair:1   | Entered Level 1 of the Lair of Beasts
 10168 | Lair:1   | Found a dark tunnel.
 10177 | Volcano  | Entered a volcano
 10218 | Volcano  | Killed from afar by a gargoyle

Illustrated notes

Levels and vault maps discovered:
D:1:      heliophobic_arrival_henge, layout_rooms, minmay_indecisive_spiral
D:2:      layout_rooms, basic_altar, minmay_ruptured, uniq_robin
D:3:      layout_basic
D:4:      layout_gridville, ebering_ghost_reflecting_pool, hex_medium,
          minmay_mini_ossuary, uniq_grinder
D:5:      layout_loops_ring, gammafunk_ghost_mausoleum, nicolae_alphabet_shops,
          minmay_manual_monolith, uniq_pikel, uniq_sigmund,
          uniq_crazy_yiuf_cottage, uniq_duvessa
D:6:      layout_gridville, minmay_temple_entry_stoned_glass
D:7:      cheibrodos_shockbox, layout_rooms
D:8:      layout_cave_pools, serial_gnoll_camp, gnoll_camp_mini_doghouse,
          grums_kennel, gnoll_camp_mini_house, gnoll_camp_huts_basic,
          gnoll_camp_mini_doghouse
D:9:      layout_stronghold, nicolae_shop_unique_rings,
          nicolae_fountain_basement
D:10:     layout_rooms, grunt_temple_overflow_open, erik_lair_dragon
Temple:   mainiacjoe_temple_big_plus
Lair:1:   layout_long_grid, nicolae_volcano_entry_hallway,
          dreamdust_deal_with_the_devil, minivault_25
Volcano:  hellmonk_zot_springs

Skill      XL: |  1  2  3  4  5  6  7  8  9 10 11 |
---------------+----------------------------------+-----
Polearms       | 3 4 6 8 9 10 11 12 | 12.4
Fighting       | 3 4 6 7 |  7.7
Armour         | 3 5 |  5.0
Dodging        | 4 5 |  5.0
Invocations    | 2 5 7 |  7.1
Evocations     | 3 4 |  4.3
Throwing       | |  1.7

Action                     |  1- 3 |  4- 6 |  7- 9 | 10-12 || total
---------------------------+-------+-------+-------+-------++-------
  Melee: Trident           |    87 |   128 |   391 |   359 ||   965
  Throw: Dart              |       |       |     4 |       ||     4
         Boomerang         |       |       |     3 |       ||     3
 Invoke: Light the Black T |       |       |     3 |     3 ||     6
         Hurl Torchlight   |       |       |       |     1 ||     1
    Use: Scroll            |       |    10 |     4 |     5 ||    19
         Potion            |       |       |     1 |       ||     1
   Stab: Sleeping          |       |     1 |       |       ||     1
         Distracted        |       |       |     1 |     5 ||     6
 Armour: Leather armour    |    46 |    38 |       |       ||    84
         Ring mail         |       |     8 |   206 |   173 ||   387
  Dodge: Dodged            |    31 |    34 |   166 |   180 ||   411

Table legend: (Time is in decaauts)
 A = Elapsed time spent in this place.
 B = Non-inter-level travel time spent in this place.
 C = Inter-level travel time spent in this place.
 D = Time resting spent in this place.
 E = Time spent auto-exploring this place.
 F = Levels seen in this place.
 G = Mean time per level.
                   A        B        C        D        E       F      G
               +--------+--------+--------+--------+--------+-----+--------+
         Total |  10078 |   9688 |    390 |   2627 |   4991 |  13 |  775.2 |
       Dungeon |   9933 |   9619 |    314 |   2627 |   4991 |  10 |  993.3 |
        Temple |     77 |      1 |     76 |      0 |      0 |   1 |   77.0 |
          Lair |     32 |     32 |      0 |      0 |      0 |   1 |   32.0 |
       Volcano |     34 |     34 |      0 |      0 |      0 |   1 |   34.0 |
               +--------+--------+--------+--------+--------+-----+--------+

Top non-repeatable levels by time:
     D:5: 1502 daAuts
     D:4: 1206 daAuts
     D:8: 1168 daAuts
     D:9: 1083 daAuts
     D:6: 1056 daAuts
    D:10: 979 daAuts
     D:2: 814 daAuts
     D:3: 784 daAuts
     D:7: 688 daAuts
     D:1: 650 daAuts
  Temple: 77 daAuts
 Volcano: 34 daAuts
  Lair:1: 32 daAuts
